 Dungeon Crawl Stone Soup version 0.28.0 (webtiles) character file.

Game seed: 6440293560033111455

349 SnakkuSnakku7 the Magician (level 6, -3/43 HPs)
             Began as a Djinni Gladiator on Feb 10, 2022.
             Slain by a wyvern zombie (12 damage)
             ... on level 4 of the Dungeon.
             The game lasted 00:04:21 (3658 turns).

SnakkuSnakku7 the Magician (Djinni Gladiator)       Turns: 3658, Time: 00:04:22

Health: -3/43      AC:  4    Str: 13    XL:     6   Next: 92%
Gold:   86         EV: 12    Int: 11    God:
                   SH:  0    Dex: 15

rFire   + + .      SeeInvis .   a - +4 flail of Lies {antimagic, rC++ Will-}
rCold   + . .      Faith    .   (no shield)
rNeg    . . .      Spirit   .   b - +0 leather armour
rPois   ∞          Reflect  .   c - +0 helmet
rElec   .          Harm     .   (no cloak)
rCorr   .          Rampage  .   (no gloves)
Will    .....                   (boots unavailable)
Stlth   +.........              (no amulet)
HPRegen 0.14/turn               (no ring)
MPRegen 0.00/turn               (no ring)

@: flying
A: sickness immunity, fire resistance 2, cold vulnerability 1, float, innate
caster, HP casting, extra vitality 1
a: no special abilities


You were on level 4 of the Dungeon.
You visited 1 branch of the dungeon, and saw 4 of its levels.

You collected 142 gold pieces.
You spent 56 gold pieces at shops.

Inventory:

Hand Weapons
 a - the +4 flail of Lies (weapon) {antimagic, rC++ Will-}
   (You found it on level 3 of the Dungeon)

   It reduces the magical energy of the wielder, and disrupts the spells and
   magical abilities of those it strikes.
   Natural abilities and divine invocations are not affected.
   rC:        It greatly protects you from cold.
   Will:      It decreases your willpower.
 j - a +0 quarterstaff
Missiles
 d - 3 throwing nets
 f - 3 poisoned darts
Armour
 b - a +0 leather armour (worn)
 c - a +0 helmet (worn)
Scrolls
 e - a scroll of silence {unknown}
 g - a scroll of holy word {unknown}
 h - 3 scrolls of blinking {unknown}
 l - a scroll of torment {unknown}
 m - 2 scrolls of fog {unknown}
 o - a scroll of noise {unknown}
 p - a scroll of immolation {unknown}
Potions
 n - a potion of ambrosia


   Skills:
 - Level 2.0 Fighting
 - Level 2.6 Staves
 - Level 1.5 Throwing
 - Level 3.2 Dodging
 + Level 4.8 Spellcasting


You had 11 spell levels left.
You knew the following spells:

 Your Spells              Type           Power      Damage    Failure   Level
a - Shock                 Conj/Air       52%        1d6       3%          1
b - Call Imp              Summ           13%        N/A       6%          2
Your spell library was empty.

Dungeon Overview and Level Annotations

Branches:
Dungeon (4/15)
 Temple: D:4-7

Altars:
Hepliaklqana

Shops:
D:2 ?


Innate Abilities, Weirdness & Mutations

You are immune to sickness and miasma.
You are immune to poison.
Your flesh is very heat resistant. (rF++)
You are vulnerable to cold. (rC-)
You float through the air rather than walking.
You learn spells naturally, not from books.
Your magical power is your life essence.
You have superior vitality. (+4 MHP)


Message History

The scorpion writhes in agony!
You hit the scorpion.
The scorpion is severely wounded.
The scorpion barely misses you.
A wyvern zombie comes into view.
Your shadow imp hits the scorpion but does no damage.
The scorpion barely misses you.
You hit the scorpion.
You kill the scorpion!
The kobold unwields a +0 dagger.
The kobold wields a +0 hand crossbow.
The kobold shoots a bolt.
The bolt barely misses your shadow imp. The bolt hits you.
You swap places.
The kobold shoots a bolt.
The bolt hits you.
Unknown command.
You sock the wyvern zombie!
The wyvern zombie is lightly damaged.
The wyvern zombie bites you.
You sock the kobold!
You kill the kobold!
Unknown command.
You sock the wyvern zombie!
The wyvern zombie is moderately damaged.
The wyvern zombie bites you but does no damage.
The wyvern zombie bites you!
You are too injured to fight recklessly!
You are too injured to fight recklessly!
You are too injured to fight recklessly!
The wyvern zombie bites your shadow imp!
Your shadow imp dies!
Your shadow imp disappears in a puff of smoke!
The wyvern zombie bites you! The wyvern zombie barely misses you.
The wyvern zombie bites you!
* * * LOW HITPOINT WARNING * * *
The wyvern zombie bites you!
* * * LOW HITPOINT WARNING * * *
You feel better.
The wyvern zombie bites you but does no damage.
The wyvern zombie bites you!
You die...

###..# #.# #........# .....#
#.# #........# .#.#.# #.#
#........#
.....####.#########.#####
.#.#...................# #####
.....####.......###.##.# #...#
#......###...##.###.##.####.#.#
#......###...##.#...........#.#
...............>@Z...##.#####.#
#.)....###...####.##.##..# #.#
#......# ##### #.##..##.# #.###
#....).# #.##..##.# #.)<#
#......# #.##..##.########
######## #.##..#..........
#........#######( ######...##
#....#


You could see a wyvern zombie.

Vanquished Creatures
  2 scorpions (D:4)
  2 bullfrog skeletons
  An iguana (D:4)
  5 adders
  4 gnolls
  3 worms
  A dart slug (D:3)
  An orc (D:3)
  6 ball pythons
  4 bats
  2 endoplasms
  4 giant cockroaches
  5 goblins
  3 hobgoblins
  8 kobolds
  3 quokkas
  4 frilled lizards
  4 rats
62 creatures vanquished.

Notes
Turn   | Place    | Note
-------+----------+-------------------------------------------
     0 | D:1      | SnakkuSnakku7 the Djinni Gladiator began the quest for the
                  | Orb.
     0 | D:1      | Reached XP level 1. HP: 18/18 MP: 0/0
   115 | D:1      | Reached skill level 1 in Spellcasting
   115 | D:1      | Reached XP level 2. HP: 23/23 MP: 0/0
   623 | D:2      | Reached XP level 3. HP: 25/28 MP: 0/0
   623 | D:2      | Learned a level 1 spell: Shock
   863 | D:2      | Reached skill level 2 in Spellcasting
   927 | D:1      | Reached XP level 4. HP: 15/33 MP: 0/0
  1641 | D:2      | Found Cenn's Magic Scroll Boutique.
  1651 | D:2      | Bought a scroll of identify for 28 gold pieces
  1669 | D:2      | Reached skill level 3 in Spellcasting
  1792 | D:2      | Reached XP level 5. HP: 31/38 MP: 0/0
  1792 | D:2      | Learned a level 2 spell: Call Imp
  1801 | D:2      | Found a hazy altar of Hepliaklqana.
  2053 | D:2      | Bought a scroll of identify for 28 gold pieces
  2554 | D:3      | Identified the +4 flail of Lies {antimagic, rC++ Will-}
  2756 | D:4      | Reached skill level 4 in Spellcasting
  2756 | D:4      | Reached XP level 6. HP: 34/43 MP: 0/0
  3351 | D:4      | HP: 2/43 [scorpion (6)]
  3655 | D:4      | HP: 1/43 [wyvern zombie (7)]
  3658 | D:4      | Slain by a wyvern zombie

Illustrated notes

Levels and vault maps discovered:
D:1:      saegor_arrival_simple_e, layout_basic
D:2:      layout_loops_cross, basic_altar, serial_shops, shop
D:3:      layout_rooms
D:4:      layout_basic, glass_columns_a, st_stairs_2

Skill      XL: |  1  2  3  4  5 |
---------------+----------------+-----
Spellcasting   | 1 2 3 4 |  4.8
Fighting       | |  2.0
Staves         | |  2.6
Throwing       | |  1.5
Dodging        | |  3.2

Action                   |  1- 3 |  4- 6 || total
-------------------------+-------+-------++-------
Melee: Quarterstaff      |    70 |   114 ||   184
       Flail             |       |    44 ||    44
 Cast: Shock             |     3 |       ||     3
       Call Imp          |       |     1 ||     1
  Use: Scroll            |       |     4 ||     4
       Potion            |       |     3 ||     3
 Stab: Sleeping          |       |     2 ||     2
Armor: Leather armour    |    30 |    50 ||    80
Dodge: Dodged            |    60 |   120 ||   180
